 Dungeon Crawl Stone Soup version 0.23-b1-75-g379dba2534 (webtiles) character file.

Game seed: 13272810055381487199

168 McKennaii the Shield-Bearer (level 5, 0/41 HPs)
             Began as a Demonspawn Fighter on Feb 7, 2019.
             Killed from afar by Natasha (7 damage)
             ... with a magic dart
             ... on level 2 of the Dungeon.
             The game lasted 00:02:16 (1851 turns).

McKennaii the Shield-Bearer (Demonspawn Fighter)    Turns: 1851, Time: 00:02:17

Health: 0/41       AC: 10    Str: 17    XL:     5   Next: 23%
Magic:  5/5        EV:  7    Int: 10    God:
Gold:   81         SH:  9    Dex: 12    Spells: 4/4 levels left

rFire    + + .     SeeInvis .   a - +0 long sword
rCold    + + .     Gourm    .   c - +0 shield
rNeg     . . .     Faith    .   b - +0 scale mail
rPois    +         Spirit   .   (no helmet)
rElec    +         Reflect  .   k - +0 cloak
rCorr    +         Harm     .   (no gloves)
MR       .....                  (no boots)
Stlth    ..........             (no amulet)
HPRegen  0.13/turn              i - ring of protection from fire
MPRegen  0.09/turn              (no ring)

@: resistant
A: slimy green scales 1, cold resistance 1, rot immunity
a: no special abilities


You were on level 2 of the Dungeon.
You were very hungry.

You visited 1 branch of the dungeon, and saw 2 of its levels.

You collected 81 gold pieces.

Inventory:

Hand Weapons
 a - a +0 long sword (weapon)
Armour
 b - a +0 scale mail (worn)
 c - a +0 shield (worn)
 k - a +0 cloak (worn)
Jewellery
 i - a ring of protection from fire (left hand)
Scrolls
 g - a scroll of amnesia {unknown}
 h - a scroll of noise {unknown}
 j - a scroll of magic mapping {unknown}
 l - a scroll of identify {unknown}
 n - a scroll of teleportation {unknown}
Potions
 d - a potion of might
 e - 2 potions of resistance
Comestibles
 f - 5 rations


   Skills:
 + Level 3.4 Fighting
 + Level 3.3 Long Blades
 + Level 3.4 Armour
 + Level 0.4 Dodging
 + Level 0.2 Stealth
 + Level 3.5 Shields


You had 4 spell levels left.
You didn't know any spells.
Your spell library was empty.

Dungeon Overview and Level Annotations

Branches:
Dungeon (2/15)

Altars:
Cheibriados

Annotations:
D:2 Natasha


Innate Abilities, Weirdness & Mutations

You are partially covered in slimy green scales. (AC +2)
Your flesh is cold resistant. (rC+)
You are immune to rotting.


Message History

* * * LOW HITPOINT WARNING * * *
Unknown command.
Your shield and scale mail prevent you from hitting Natasha.
Natasha is severely wounded.
Natasha wildly gestures.
You feel troubled.
Natasha mumbles some strange words.
You block the crimson imp's attack.
Unknown command.
You slash Natasha!
You kill Natasha!
Natasha yowls pathetically as she dies!
The white imp disappears in a puff of smoke!
The crimson imp disappears in a puff of smoke!
Unknown command.
You start resting.
Natasha, Servant of Life and Death comes into view.
Natasha casts a spell at you. The magic dart hits you!
You die...

#.#...##........#
#.#...##........#
#.#...##........#
#.#...##........#
#.#...##........#
#.....'....h....##
#.....###.......##
#..######.......##
#@...h..'.......()
#..######.......##
#..# ##########
#..# ##### #..#
....... #...
....... ...#
....... ####
....... #######


You could see Natasha.

Vanquished Creatures
  A centaur (D:2)
  Natasha (D:2)
  Terence (D:2)
  An adder (D:2)
  A worm (D:2)
  A dart slug (D:2)
  A giant cockroach (D:1)
  7 goblins
  7 hobgoblins
  4 bats
  2 frilled lizards (D:2)
  2 kobolds
  3 rats (D:1)
32 creatures vanquished.

Notes
Turn   | Place    | Note
-------+----------+-------------------------------------------
     0 | D:1      | McKennaii the Demonspawn Fighter began the quest for the
                  | Orb.
     0 | D:1      | Reached XP level 1. HP: 18/18 MP: 1/1
   130 | D:1      | Gained mutation: Your flesh is cold resistant. (rC+)
                  | [demonic ancestry]
   130 | D:1      | Reached XP level 2. HP: 24/24 MP: 2/2
   861 | D:2      | Noticed Terence
   876 | D:2      | Killed Terence
   876 | D:2      | Reached XP level 3. HP: 15/29 MP: 3/3
  1339 | D:2      | Found a snail-covered altar of Cheibriados.
  1447 | D:2      | Noticed a centaur
  1465 | D:2      | HP: 1/29 [centaur (3)]
  1466 | D:2      | Killed a centaur
  1466 | D:2      | Gained mutation: You are partially covered in slimy green
                  | scales. (AC +2) [demonic ancestry]
  1466 | D:2      | Reached XP level 4. HP: 2/35 MP: 4/4
  1466 | D:2      | Gained mutation: You are immune to rotting. [demonic
                  | ancestry]
  1466 | D:2      | Reached XP level 5. HP: 2/41 MP: 5/5
  1805 | D:2      | Noticed Natasha
  1839 | D:2      | Killed Natasha
  1845 | D:2      | Noticed Natasha
  1851 | D:2      | Killed from afar by Natasha

Skill      XL: |  1  2  3 |
---------------+----------+-----
Shields        | 3 |  3.5
Long Blades    | 2 3 |  3.3
Armour         | 3 |  3.4
Fighting       | |  3.4
Dodging        | |  0.4
Stealth        | |  0.2

Action                   |  1- 3 |  4- 6 || total
-------------------------+-------+-------++-------
Melee: Long sword        |   123 |    28 ||   151
  Use: Potion            |       |     1 ||     1
  Eat: Chunk             |     2 |       ||     2
Armor: Scale mail        |    53 |    19 ||    72
Dodge: Dodged            |    39 |     7 ||    46
Block: Shield            |    77 |    17 ||    94
       Rpst.: Long sword |    19 |     1 ||    20
